 Dungeon Crawl Stone Soup version 0.23.2-33-g5129a83184 (webtiles) character file.

Game seed: 10492487732034371494

504 Kold the Conjurer (level 6, -2/45 HPs)
             Began as a Draconian Conjurer on July 9, 2019.
             Was an Initiate of Vehumet.
             Slain by Menkaure (18 damage)
             ... on level 5 of the Dungeon.
             The game lasted 00:09:56 (4400 turns).

Kold the Conjurer (Draconian Conjurer)              Turns: 4400, Time: 00:09:56

Health: -2/45      AC:  7    Str: 10    XL:     6   Next: 96%
Magic:  13/21      EV: 12    Int: 17    God:    Vehumet [......]
Gold:   202        SH:  0    Dex: 12    Spells: 6/13 levels left

rFire    . . .     SeeInvis .   n - +0 short sword (venom)
rCold    . . .     Gourm    .   (no shield)
rNeg     . . .     Faith    .   (armour unavailable)
rPois    .         Spirit   .   (helmet restricted)
rElec    .         Reflect  .   (no cloak)
rCorr    .         Harm     .   (no gloves)
MR       .....                  s - +0 pair of boots
Stlth    ++........             (no amulet)
HPRegen  0.15/turn              t - ring of wizardry
MPRegen  0.17/turn              k - ring of magical power

@: no status effects
A: unfitting armour, cold-blooded, AC +6
a: Renounce Religion


You were on level 5 of the Dungeon.
You worshipped Vehumet.
Vehumet was noncommittal.
You were not hungry.

You visited 2 branches of the dungeon, and saw 7 of its levels.

You collected 202 gold pieces.

Inventory:

Hand Weapons
 l - a +0 dagger of protection
 n - a +0 short sword of venom (weapon)
Armour
 s - a +0 pair of boots (worn)
Jewellery
 k - a ring of magical power (right hand)
 t - a ring of wizardry (left hand)
 z - an uncursed ring of poison resistance
Wands
 w - a wand of acid (6)
Scrolls
 d - 2 scrolls of enchant armour {unknown}
 e - 5 scrolls of remove curse
 g - a scroll of blinking {unknown}
 i - a scroll of random uselessness {unknown}
 m - 2 scrolls of teleportation {unknown}
 o - 2 scrolls of magic mapping {unknown}
 q - a scroll of amnesia
 r - 2 scrolls of identify
 u - a scroll of immolation {unknown}
 y - a scroll of noise {unknown}
Potions
 a - a potion of lignification {unknown}
 c - 3 potions of haste {unknown}
 f - 2 potions of heal wounds
 h - a potion of mutation {unknown}
 j - a potion of might {unknown}
 p - 2 potions of agility {unknown}
 v - 2 potions of degeneration {unknown}
 x - a potion of berserk rage {unknown}
Comestibles
 b - 3 rations


   Skills:
 - Level 2.0 Dodging
 - Level 2.0 Stealth
 - Level 4.0 Spellcasting
 * Level 6.9 Conjurations
 + Level 1.9 Hexes


You had 6 spell levels left.
You knew the following spells:

 Your Spells              Type           Power        Failure   Level  Hunger
a - Magic Dart            Conj           ####         1%          1    None
b - Searing Ray           Conj           ####..       1%          2    ##.....
c - Fulminant Prism       Conj/Hex       ###.......   11%         4    ####...

Your spell library contained the following spells:

 Spells                   Type           Power        Failure   Level  Hunger
 Dazzling Spray           Conj/Hex       ###...       3%          3    ###....
 Iskenderun's Mystic Bla  Conj           ####....     4%          4    ####...
 Animate Skeleton         Necr           N/A          6%          1    None
 Pain                     Necr           #...         6%          1    None
 Force Lance              Conj/Tloc      ###.....     16%         4    ####...
 Regeneration             Chrm/Necr      #.........   19%         3    ###....
 Vampiric Draining        Necr           #.........   19%         3    ###....
 Animate Dead             Necr           N/A          50%         4    ####...


Dungeon Overview and Level Annotations

Branches:
Dungeon (6/15)             Temple (1/1) D:4

Altars:
Cheibriados
Dithmenos
Elyvilon
Fedhas
Hepliaklqana
Kikubaaqudgha
Makhleb
Ru
Sif Muna
Trog
Uskayaw
Vehumet
Wu Jian
Xom
Yredelemnul
Zin
The Shining One

Annotations:
D:5 Menkaure, Prince Ribbit
D:6 Edmund


Innate Abilities, Weirdness & Mutations

Your plain brown scales are hard. (AC +6)
You cannot fit into any form of body armour.
You are cold-blooded and may be slowed by cold attacks.


Message History

Confirm with . or Enter, or press ? or * to list all spells.
Aiming: Searing Ray (safe; 1% risk of failure)
Press: ? - help, Shift-Dir - straight line, f/p - Menkaure
Aim: Menkaure (moderately damaged, fast)
The searing ray hits Menkaure.
Menkaure is heavily damaged. (Press . to maintain the ray.)
Casting: Searing Ray (safe; 1% risk of failure)
Confirm with . or Enter, or press ? or * to list all spells.
Aiming: Searing Ray (safe; 1% risk of failure)
Press: ? - help, Shift-Dir - straight line, f/p - Menkaure
Aim: Menkaure (heavily damaged, fast)
The searing ray hits Menkaure.
Menkaure is severely damaged. (Press . to maintain the ray.) Menkaure hits you!
The searing ray hits Menkaure.
Menkaure is almost destroyed.
Menkaure hits you!!
You die...

..............................>..
#.#...################.##########
#.###.# $..........##.# #.# #.#
...........##.# #...#.#
...........##.# #...#.#
..........?.##.#
#...#.#.............##.#
#...#.#........M!...##.#
#...#.#.........@...##.#
#...................##.#
.........^..........##.#
...##.#.............##.#
##....#.............##.##########
##...#................(.........
#...'................##########
#...#####+#####+#.##.#
#.......#.# #.##.#


You could see Menkaure.

Vanquished Creatures
  3 ogres
  2 hounds
  A centaur skeleton (D:5)
  Ijyb (D:3)
  Jessica (D:3)
  A worker ant (D:4)
  A howler monkey skeleton (D:4)
  2 adders
  An ooze (D:2)
  2 worms (D:2)
  3 leopard geckos
  4 giant cockroaches
  7 goblins
  A hobgoblin (D:2)
  5 jackals
  6 kobolds
  A quokka (D:5)
  3 ball pythons
  10 bats
  5 frilled lizards
  A leopard gecko zombie (D:5)
  8 rats
69 creatures vanquished.

Notes
Turn   | Place    | Note
-------+----------+-------------------------------------------
     0 | D:1      | Kold the Draconian Conjurer began the quest for the Orb.
     0 | D:1      | Reached XP level 1. HP: 14/14 MP: 3/3
   524 | D:1      | Reached XP level 2. HP: 20/20 MP: 0/5
  1142 | D:2      | Reached XP level 3. HP: 26/26 MP: 0/6
  1757 | D:2      | Learned a level 2 spell: Searing Ray
  2245 | D:3      | Found a hazy altar of Hepliaklqana.
  2258 | D:3      | Reached skill level 5 in Conjurations
  2336 | D:3      | Noticed Ijyb
  2428 | D:4      | Found a staircase to the Ecumenical Temple.
  2434 | Temple   | Entered the Ecumenical Temple
  2542 | Temple   | Became a worshipper of Vehumet
  2600 | D:4      | Reached XP level 4. HP: 29/33 MP: 0/8
  2786 | D:3      | Noticed Jessica
  2789 | D:3      | Killed Jessica
  2789 | D:3      | Reached XP level 5. HP: 38/38 MP: 5/9
  3021 | D:3      | Killed Ijyb
  3271 | D:4      | Learned a level 4 spell: Fulminant Prism
  3296 | D:4      | Noticed an ogre
  3302 | D:4      | Killed an ogre
  3302 | D:4      | Reached skill level 6 in Conjurations
  3302 | D:4      | Reached XP level 6. HP: 45/45 MP: 1/11
  3730 | D:4      | Found a deep blue altar of Sif Muna.
  3733 | D:4      | Found a shadowy altar of Dithmenos.
  3736 | D:4      | Found an ancient bone altar of Kikubaaqudgha.
  3850 | D:4      | Reached skill level 1 in Hexes
  3956 | D:5      | Entered Level 5 of the Dungeon
  4218 | D:5      | Noticed Prince Ribbit
  4253 | D:6      | Noticed Edmund
  4254 | D:6      | HP: 1/45 [centaur/arrow (9)]
  4394 | D:5      | Noticed Menkaure
  4400 | D:5      | Slain by Menkaure

Skill      XL: |  1  2  3  4  5  6 |
---------------+-------------------+-----
Stealth        | 2 |  2.0
Dodging        | 2 |  2.0
Conjurations   | 5 6 |  6.9
Spellcasting   | 3 4 |  4.0
Hexes          | 1 |  1.9

Action                   |  1- 3 |  4- 6 || total
-------------------------+-------+-------++-------
Melee: Unarmed           |     5 |       ||     5
       Short sword       |    31 |     9 ||    40
       Tailslap          |     5 |       ||     5
 Cast: Magic Dart        |    95 |    47 ||   142
       Searing Ray       |     1 |    15 ||    16
  Use: Scroll            |     4 |       ||     4
       Potion            |       |     1 ||     1
 Stab: Sleeping          |     1 |       ||     1
  Eat: Chunk             |     6 |     3 ||     9
       Ration            |       |     1 ||     1
Armor: Skin              |    15 |     5 ||    20
Dodge: Dodged            |    39 |    23 ||    62
